[Event "Team 45 45 League T61"]
[Site "Internet Chess Club"]
[Date "2014.06.20"]
[Round "4"]
[White "gump12345"]
[Black "willhelm"]
[Result "1-0"]
[WhiteElo "2013"]
[BlackElo "1902"]
[Opening "Ruy Lopez: open, Bernstein variation"]
[ECO "C80"]
[Time "11:30:31"]
[TimeControl "2700+45"]

1. e4 e5 2. Nf3 Nc6 3. Bb5 a6 4. Ba4 Nf6 5. O-O Nxe4 6. d4 b5 7. Bb3 d5 8. dxe5
Be6 9. Nbd2 Nc5 10. c3 Be7 11. Bc2 Bg4 12. h3 Bh5 13. Re1 O-O 14. Nf1 Ne6 15.
Ng3 Bg6 16. Nf5 Qd7 17. Be3 Rad8 18. Qd2 Bc5 19. Rad1 Bxe3 20. Qxe3 Ne7 21. N3d4
Nxf5 22. Nxf5 Bxf5 23. Bxf5 g6 24. Bc2 c5 25. f4 d4 26. Qg3 Ng7 27. Qg5 Qe6 28.
cxd4 cxd4 29. Bb3 Qf5 30. Qxf5 Nxf5 31. e6 fxe6 32. Rxe6 Kh8 33. Rd3 Ne3 34. Re4
Nc4 35. Bxc4 bxc4 36. Rdxd4 Rxd4 37. Rxd4 Rb8 38. Rxc4 Rxb2 39. Ra4 Rb6 40. Kf2
h5 41. g4 hxg4 42. hxg4 Kg7 43. Kf3 Kf6 44. Ke4 Ke6 45. a3 Rd6 46. Ra5 Kf6 47.
Rd5 Rb6 48. Kd4 Rc6 49. Rc5 Rd6+ 50. Kc4 Re6 51. Kd5 Re1 52. Rc6+ Kf7 53. Rxa6
Rf1 54. Ke4 Re1+ 55. Kf3 Rf1+ 56. Ke3 Re1+ 57. Kf2 Re4 58. Kf3 Re1 59. a4 Rf1+
60. Ke3 Re1+ 61. Kf2 Re4 62. Kf3 Re1 63. Rd6 Ra1 64. Rd4 Ke6 65. Ke4 Ra3 66. Rb4
Rg3 67. g5 Ra3 68. Rb6+ Kf7 69. Ra6 Ra1 70. a5 Kg7 71. Ra7+ Kf8 72. Ke5 Ra4 73.
a6 Kg8 74. Kf6 {Black resigns} 1-0

[Event "Team 45 45 League T61"]
[Site "Internet Chess Club"]
[Date "2014.06.19"]
[Round "4"]
[White "Atwode"]
[Black "perikitosax"]
[Result "0-1"]
[WhiteElo "1846"]
[BlackElo "2014"]
[Opening "Sicilian defense"]
[ECO "B40"]
[Time "11:33:55"]
[TimeControl "2700+45"]

1. Nf3 c5 2. e4 e6 3. d3 Nc6 4. g3 g6 5. Bg2 Bg7 6. O-O Nge7 7. Nc3 O-O 8. Be3
Nd4 9. Na4 d6 10. Rb1 e5 11. Nc3 Bg4 12. Nd5 Nxd5 13. exd5 Qd7 14. c3 Nxf3+ 15.
Bxf3 Bxf3 16. Qxf3 f5 17. Bd2 f4 18. g4 h5 19. h3 Qf7 20. b4 b6 21. bxc5 bxc5
22. Rb3 Rae8 23. c4 Bf6 24. Rfb1 Re7 25. Qe4 Kg7 26. f3 hxg4 27. hxg4 Rh8 28.
Kg2 Qg8 29. Rh1 Rxh1 30. Kxh1 Bh4 31. Kg2 Kf6 32. Kf1 Bg3 33. Ke2 Qh8 34. Kd1
Rh7 35. Kc2 Rh2 36. Rb7 Bf2 37. Kb3 Bd4 38. Ka3 Rxd2 {White resigns} 0-1

[Event "Team 45 45 League T61"]
[Site "Internet Chess Club"]
[Date "2014.06.23"]
[Round "4"]
[White "jjimalo"]
[Black "backrankbrawler"]
[Result "1-0"]
[WhiteElo "1928"]
[BlackElo "1838"]
[Opening "Ruy Lopez: closed, Averbach variation"]
[ECO "C87"]
[Time "12:30:13"]
[TimeControl "2700+45"]

1. e4 e5 2. Nf3 Nc6 3. Bb5 a6 4. Ba4 Nf6 5. O-O Be7 6. Re1 d6 7. c3 b5 8. Bc2
Bg4 9. h3 Bh5 10. d3 h6 11. Nbd2 O-O 12. a4 Qd7 13. Nf1 Rfd8 14. Ng3 Bg6 15. Qe2
Nh5 16. d4 Nxg3 17. fxg3 exd4 18. cxd4 b4 19. a5 Bf6 20. Be3 Qe7 21. Bf2 Rdb8
22. Qc4 Nd8 23. e5 Bxc2 24. exf6 Qxf6 25. Qxc2 Ne6 26. d5 Nc5 27. b3 Rb5 28. Nd4
Rbb8 29. Nc6 Re8 30. Bxc5 dxc5 31. Qxc5 Qc3 32. Qxc3 bxc3 33. Kf2 {Black
resigns} 1-0

[Event "Team 45 45 League T61"]
[Site "Internet Chess Club"]
[Date "2014.06.22"]
[Round "4"]
[White "Epcot"]
[Black "alexping"]
[Result "1-0"]
[WhiteElo "2097"]
[BlackElo "1854"]
[Opening "Budapest: Adler variation"]
[ECO "A52"]
[Time "11:35:43"]
[TimeControl "2700+45"]

1. d4 Nf6 2. c4 e5 3. dxe5 Ng4 4. Nf3 Bc5 5. e3 Bb4+ 6. Bd2 Bxd2+ 7. Qxd2 Nc6 8.
Nc3 Ngxe5 9. Nxe5 Nxe5 10. Qd4 d6 11. Be2 O-O 12. O-O-O Be6 13. c5 Rc8 14. Kb1
Nc6 15. Qf4 d5 16. Bf3 Ne7 17. h4 c6 18. h5 Qc7 19. Qd4 h6 20. g4 f6 21. Rdg1
Qe5 22. Qd3 Kh8 23. Bd1 Bg8 24. Bc2 f5 25. g5 Bh7 26. Ne2 hxg5 27. Rxg5 Rf6 28.
Qb3 Rc7 29. f4 Qe6 30. Nd4 Qc8 31. Nf3 Ng8 32. Qc3 Qf8 33. Ne5 Nh6 34. Qa5 Qb8
35. Rhg1 Re7 36. Qc3 Qf8 37. Qd4 Rfe6 38. Kc1 Rf6 39. Kd2 Rc7 40. b4 Re6 41. a4
a6 42. Bd3 Rf6 43. R1g2 Re6 44. Be2 Rf6 45. Rg1 Re6 46. Bf1 Rf6 47. Bh3 Re6 48.
R1g3 Rf6 49. Bf1 Re6 50. Bd3 Rf6 51. Rg2 Re6 52. Rg1 Rf6 53. b5 cxb5 54. axb5
axb5 55. Rb1 Nf7 56. Nxf7+ Qxf7 57. Rxb5 Qd7 58. Rb6 Qf7 59. h6 Rg6 60. hxg7+
Qxg7 61. Rbxg6 Bxg6 62. Rxg6 {Black resigns} 1-0

[Event "Team 45 45 League T61"]
[Site "Internet Chess Club"]
[Date "2014.06.21"]
[Round "4"]
[White "bobhill"]
[Black "LittleButton"]
[Result "0-1"]
[WhiteElo "1925"]
[BlackElo "1904"]
[Opening "Queen's pawn game"]
[ECO "D02"]
[Time "10:00:29"]
[TimeControl "2700+45"]

1. d4 d5 2. Nf3 e6 3. Bg5 Be7 4. Bxe7 Qxe7 5. e3 Nf6 6. Nbd2 b6 7. Ne5 O-O 8.
Bd3 Bb7 9. O-O c5 10. c3 Nbd7 11. f4 Ne4 12. Nxe4 dxe4 13. Bc2 cxd4 14. exd4 f6
15. Ng4 f5 16. Ne3 Nf6 17. Qe2 Nd5 18. a3 Rac8 19. Rac1 a6 20. Nc4 b5 21. Ne5
Nb6 22. g4 Bd5 23. g5 Nc4 24. Qh5 Nxb2 25. g6 h6 26. Bb1 Qxa3 27. Nf7 Qe7 28.
Rfe1 Nc4 29. Ba2 Nd6 30. Bxd5 exd5 31. Ne5 a5 32. Ra1 a4 33. Qh3 Qa7 34. Reb1
Qc7 35. Rc1 Rf6 36. Kh1 Nc4 37. Nf7 Rxg6 38. Qxf5 Rf6 39. Nxh6+ Rxh6 40. Qxd5+
Qf7 41. Qxe4 Re8 42. Qf3 Nd2 43. Qg2 Nb3 44. c4 bxc4 45. f5 Nxc1 46. Rxc1 Rd8
47. Qg5 Qd5+ 48. Kg1 Qxd4+ 49. Kh1 Qd2 50. Qxd2 Rxd2 51. Rxc4 Rhxh2+ 52. Kg1
Rdg2+ 53. Kf1 Ra2 54. Kg1 Rhb2 55. Rc1 Ra3 56. Kh1 Rab3 57. Rc8+ Kh7 58. Rc7 Rb7
59. Rc3 Ra7 60. f6 gxf6 61. Rh3+ Kg7 62. Rg3+ Kf7 63. Rh3 Re7 64. Rh7+ Ke8 65.
Rg7 Re1+ {White resigns} 0-1

[Event "Team 45 45 League T61"]
[Site "Internet Chess Club"]
[Date "2014.06.22"]
[Round "4"]
[White "pokerram"]
[Black "Beetlejuice"]
[Result "1-0"]
[WhiteElo "1689"]
[BlackElo "1812"]
[Opening "Sicilian: Taimanov (Bastrikov) variation"]
[ECO "B47"]
[Time "13:00:50"]
[TimeControl "2700+45"]

1. e4 c5 2. Nf3 e6 3. d4 cxd4 4. Nxd4 Nc6 5. Nc3 Qc7 6. Ndb5 Qb8 7. Be3 a6 8.
Bb6 axb5 9. Nxb5 Bb4+ 10. c3 Ba5 11. Nc7+ Qxc7 12. Bxc7 Bxc7 13. Qg4 Be5 14. f4
Nf6 15. Qf3 Bc7 16. Bb5 O-O 17. e5 Nd5 18. a4 f6 19. Bxc6 bxc6 20. exf6 Rxf6 21.
g3 e5 22. f5 d6 23. g4 Bd7 24. c4 Nf4 25. b4 d5 26. cxd5 cxd5 27. Qb3 Bb5 28.
O-O-O Rxa4 29. Rxd5 Nxd5 30. Qxd5+ Rf7 31. Kc2 Rxb4 32. Ra1 Bc4 33. Ra8+ Rb8 34.
Rxb8+ Bxb8 35. Qxc4 Bc7 36. Qe6 g6 37. f6 Bd8 38. g5 Bc7 39. Qc8+ {Black
resigns} 1-0

[Event "Team 45 45 League T61"]
[Site "Internet Chess Club"]
[Date "2014.06.19"]
[Round "4"]
[White "misuc56"]
[Black "uzi"]
[Result "1-0"]
[WhiteElo "1805"]
[BlackElo "1461"]
[Opening "Queen's pawn: Charlick (Englund) gambit"]
[ECO "A40"]
[Time "15:16:04"]
[TimeControl "2700+45"]

1. d4 e5 2. e3 exd4 3. exd4 d5 4. Be2 Nc6 5. h3 Bf5 6. Nf3 Nf6 7. O-O Be7 8. c4
dxc4 9. Bxc4 O-O 10. Nc3 Nb4 11. Bf4 Bd6 12. Qd2 Bxf4 13. Qxf4 Bd3 14. Bxd3 Nxd3
15. Qd2 Nb4 16. Rac1 c6 17. Rfd1 Nbd5 18. Na4 Qd6 19. a3 Rfe8 20. Ne5 Ne4 21.
Qc2 f6 22. Qxe4 fxe5 23. dxe5 Rxe5 24. Qg4 Rae8 25. Nc3 Qe6 26. Qxe6+ R8xe6 27.
Nxd5 Rxd5 28. Rxd5 cxd5 29. Kf1 Re7 30. Rd1 Rd7 31. Rd4 Kf7 32. Ke2 Ke6 33. Kd3
Ke5 34. f4+ Kd6 35. g4 Kc5 36. f5 Re7 37. Rf4 Re1 38. g5 Kd6 39. f6 gxf6 40.
Rxf6+ Ke7 41. Rh6 Rg1 42. Rxh7+ Kd6 43. h4 Rg3+ 44. Kc2 d4 45. Rxb7 Rg4 46. Rh7
Rg2+ 47. Kd3 Rxb2 48. Kxd4 Rb3 49. Rxa7 Rh3 50. Rh7 Rxa3 51. g6 Rg3 52. h5 Ke6
53. Ke4 Kf6 54. Kf4 Rg1 55. Rf7+ Ke6 56. Ra7 Kf6 57. Rf7+ Ke6 58. Rb7 Kf6 59.
Rb6+ Kg7 60. Rb5 Rf1+ 61. Ke5 Re1+ 62. Kf5 Rf1+ 63. Ke6 Re1+ 64. Re5 Rg1 65. Ke7
Rh1 66. Ke8 Rg1 67. Re7+ Kf6 68. Rf7+ Ke6 69. Kf8 Rg5 70. Rh7 Rf5+ 71. Kg7 Ke7
72. Kh6+ Ke8 73. g7 Kf7 74. Rh8 Rf6+ 75. Kh7 {Black resigns} 1-0

[Event "Team 45 45 League T61"]
[Site "Internet Chess Club"]
[Date "2014.06.19"]
[Round "4"]
[White "santiagoelawad"]
[Black "fhunfi"]
[Result "1-0"]
[WhiteElo "1976"]
[BlackElo "1914"]
[Opening "Dutch defense"]
[ECO "A90"]
[Time "17:30:29"]
[TimeControl "2700+45"]

1. c4 f5 2. d4 e6 3. g3 Nf6 4. Bg2 d6 5. Nc3 g6 6. Nf3 Bg7 7. Rb1 O-O 8. O-O Qe7
9. Be3 a5 10. Qc1 Nc6 11. Rd1 e5 12. dxe5 dxe5 13. Nd5 Nxd5 14. cxd5 Nd4 15.
Nxd4 exd4 16. Bxd4 Bxd4 17. Rxd4 Qxe2 18. Qxc7 Rf7 19. Qc3 Bd7 20. Re1 Qb5 21.
Bf1 Qb6 22. Bc4 Qd6 23. Qd2 b5 24. Bf1 b4 25. b3 Rc8 26. Bc4 Rcf8 27. Qf4 Rf6
28. Qxd6 Rxd6 29. f4 Kf7 30. Kf2 Rd8 31. Be2 Bc6 32. Red1 Bb7 33. Bc4 Ba8 34.
R1d2 Bb7 35. h3 Bc8 36. Be2 h5 37. Rc2 Bd7 38. Rc5 Ra8 39. Rc7 Rc8 40. Rdc4 Rxc7
41. Rxc7 Kf6 42. Bc4 Be8 43. Ke3 Bf7 44. Kd4 Be8 45. Kc5 Rd8 46. d6 Bd7 47. Bd5
g5 48. fxg5+ Kxg5 49. Rxd7 Rxd7 50. Kc6 Rd8 51. Kc7 Re8 52. d7 Re7 53. Kd6 Rxd7+
54. Kxd7 {Black resigns} 1-0

[Event "Team 45 45 League T61"]
[Site "Internet Chess Club"]
[Date "2014.06.21"]
[Round "4"]
[White "justice02"]
[Black "Timotheous"]
[Result "0-1"]
[WhiteElo "1767"]
[BlackElo "1856"]
[Opening "English: symmetrical, Benoni formation"]
[ECO "A31"]
[Time "08:00:56"]
[TimeControl "2700+45"]

1. c4 Nf6 2. d4 c5 3. Nf3 g6 4. Nbd2 Qa5 5. e3 d6 6. Bd3 Bg4 7. h3 Bxf3 8. Qxf3
Nc6 9. O-O Bg7 10. Nb3 Qc7 11. Rd1 b6 12. a3 O-O 13. Bf1 Rad8 14. Bd2 Nd7 15.
Bc3 f5 16. Rd2 Nf6 17. Bd3 e6 18. Rad1 Nd7 19. Bc2 Rfe8 20. h4 e5 21. dxe5 Ndxe5
22. Qd5+ Kh8 23. f4 Ne7 24. Qe6 N7c6 25. Qd5 Ne7 26. Qe6 Ng8 27. Qd5 Nf6 28.
Qxe5 dxe5 29. Bxe5 Qe7 30. Bd3 Ng4 31. Bxg7+ Kxg7 32. Re2 Qxh4 {White resigns}
0-1

[Event "Team 45 45 League T61"]
[Site "Internet Chess Club"]
[Date "2014.06.21"]
[Round "4"]
[White "Beefstick"]
[Black "fishhead"]
[Result "0-1"]
[WhiteElo "1623"]
[BlackElo "1875"]
[Opening "Sicilian: Najdorf, 7...Be7 main line"]
[ECO "B99"]
[Time "16:00:38"]
[TimeControl "2700+45"]

1. e4 c5 2. Nf3 d6 3. d4 cxd4 4. Nxd4 Nf6 5. Nc3 a6 6. Bg5 e6 7. f4 Be7 8. Qf3
Qc7 9. O-O-O Nbd7 10. Be2 b5 11. g4 Bb7 12. Bd3 Nc5 13. Rhe1 b4 14. Nb1 Nxd3+
15. Rxd3 h6 16. Bxf6 Bxf6 17. Qf2 Qc4 18. e5 dxe5 19. fxe5 Bg5+ 20. Kd1 Qxa2 21.
Nd2 Rd8 22. h4 Bxd2 23. Qxd2 Rxd4 24. Rxd4 Bf3+ 25. Re2 Qb1+ 26. Qc1 Bxe2+ 27.
Kd2 Qxc1+ 28. Kxc1 a5 29. Kd2 Bb5 30. Rd6 Ke7 31. Rb6 Rd8+ 32. Ke1 Rd5 {White
resigns} 0-1

[Event "Team 45 45 League T61"]
[Site "Internet Chess Club"]
[Date "2014.06.21"]
[Round "4"]
[White "Electryon"]
[Black "rookmaster23"]
[Result "0-1"]
[WhiteElo "1496"]
[BlackElo "1630"]
[Opening "English opening"]
[ECO "A10"]
[Time "15:00:30"]
[TimeControl "2700+45"]

1. c4 g6 2. Nc3 Bg7 3. g3 c6 4. Bg2 Nf6 5. e4 d6 6. Nge2 O-O 7. O-O Nbd7 8. h3
Ne5 9. d3 e6 10. f4 Ned7 11. Be3 Nb6 12. Qd2 d5 13. b3 dxe4 14. dxe4 Qxd2 15.
Bxd2 Rd8 16. Rad1 Nbd7 17. e5 Ne8 18. Be3 Bf8 19. c5 Nc7 20. b4 Nd5 21. Nxd5
cxd5 22. Nd4 a5 23. a3 axb4 24. axb4 Ra4 25. Rb1 Nb8 26. b5 Bxc5 27. Rfd1 Bd7
28. Bf1 Rc8 29. Ra1 Rb4 30. Kf2 Bxd4 31. Rxd4 Rb2+ 32. Rd2 Rcc2 33. Rxc2 Rxc2+
34. Kf3 Bc8 35. Ra8 Nd7 36. Bd3 Rc3 37. Ke2 Kg7 38. Kd2 Rc7 39. b6 Rc6 40. Bb5
Nxb6 41. Rxc8 Nxc8 42. Bxc6 bxc6 43. Bc5 f6 44. g4 g5 {White forfeits on time}
0-1

[Event "Team 45 45 League T61"]
[Site "Internet Chess Club"]
[Date "2014.06.23"]
[Round "4"]
[White "KidRattler"]
[Black "ChessMaine"]
[Result "1/2-1/2"]
[WhiteElo "1499"]
[BlackElo "1491"]
[Opening "QGD: 4.Nf3"]
[ECO "D37"]
[Time "06:59:12"]
[TimeControl "2700+45"]

1. d4 d5 2. c4 e6 3. Nc3 Nf6 4. Nf3 Be7 5. e3 O-O 6. Bd3 dxc4 7. Bxc4 b6 8. O-O
Bb7 9. Bd2 c5 10. dxc5 Bxc5 11. Be1 Qxd1 12. Rxd1 Bxf3 13. gxf3 Nc6 14. Na4 Be7
15. Bc3 Rad8 16. a3 Rxd1 17. Rxd1 Rd8 18. Rd3 Nd5 19. e4 Nxc3 20. Rxd8+ Bxd8 21.
Nxc3 Ne5 22. Be2 Nc6 23. Kg2 Bf6 24. Na4 Nd4 25. Bd1 {Game drawn by mutual
agreement} 1/2-1/2

[Event "Team 45 45 League T61"]
[Site "Internet Chess Club"]
[Date "2014.06.23"]
[Round "4"]
[White "seattleblues"]
[Black "sdcohle"]
[Result "1/2-1/2"]
[WhiteElo "1434"]
[BlackElo "1429"]
[Opening "Queen's Pawn"]
[ECO "A41"]
[Time "21:30:35"]
[TimeControl "2700+45"]

1. d4 d6 2. Bf4 c6 3. e3 Qc7 4. Nd2 e5 5. Bg3 Nf6 6. c3 Be7 7. h3 Be6 8. Bd3
exd4 9. exd4 Bd5 10. Ngf3 O-O 11. O-O h6 12. c4 Bxf3 13. Nxf3 c5 14. d5 Nbd7 15.
Re1 Rfe8 16. b3 a6 17. a4 a5 18. Ra2 Bf8 19. Rae2 Rxe2 20. Rxe2 Re8 21. Qe1 Rxe2
22. Qxe2 Qb6 23. Bc2 Qd8 24. Nd2 Qe7 25. Qxe7 Bxe7 26. Ne4 Nxe4 27. Bxe4 g6 28.
Bf4 h5 29. Bd2 b6 30. f4 f5 31. Bf3 Kf7 32. g4 hxg4 33. hxg4 fxg4 34. Bxg4 Nf6
35. Be6+ Kg7 36. Bc3 Kh7 37. Kg2 Kh6 38. Kf3 Ne8 39. Bd2 Kh7 40. Bc3 Ng7 41. Bh3
Nf5 42. Ke4 Ng3+ 43. Kf3 Nf5 44. Bf1 Kh6 45. Bd3 Kh7 46. Bc2 Kh6 {Game drawn by
mutual agreement} 1/2-1/2

[Event "Team 45 45 League T61"]
[Site "Internet Chess Club"]
[Date "2014.06.20"]
[Round "4"]
[White "Toalla"]
[Black "Conjurer"]
[Result "1/2-1/2"]
[WhiteElo "1400"]
[BlackElo "1206"]
[Opening "Nimzovich-Larsen attack: Polish variation"]
[ECO "A01"]
[Time "13:00:48"]
[TimeControl "2700+45"]

1. b3 b5 2. e3 a6 3. Bb2 Bb7 4. Nf3 Nf6 5. Bxf6 gxf6 6. Be2 e5 7. O-O c5 8. d4
Nc6 9. c3 cxd4 10. exd4 d5 11. Re1 Ne7 12. dxe5 fxe5 13. Nxe5 Bg7 14. Nxf7 Kxf7
15. Bh5+ Ng6 16. Qf3+ Qf6 17. Qg3 Rhe8 18. Nd2 Rxe1+ 19. Rxe1 Qxc3 20. Qf4+ Kg8
21. Bxg6 hxg6 22. Qg4 Qxd2 23. Qe6+ Kh7 24. Qh3+ Kg8 25. Qe6+ Kh7 26. Qh3+ Qh6
27. Qd7 Qd2 28. Qh3+ Kg8 29. Qe6+ Kh7 30. Qh3+ {Game drawn by repetition}
1/2-1/2

[Event "Team 45 45 League T61"]
[Site "Internet Chess Club"]
[Date "2014.06.22"]
[Round "4"]
[White "LN09102Q"]
[Black "oldsj"]
[Result "0-1"]
[WhiteElo "1494"]
[BlackElo "1593"]
[Opening "Sicilian: Scheveningen (Paulsen), classical variation"]
[ECO "B84"]
[Time "11:00:47"]
[TimeControl "2700+45"]

1. e4 c5 2. Nf3 d6 3. d4 cxd4 4. Nxd4 Nf6 5. Nc3 a6 6. Be2 e6 7. O-O Be7 8. Be3
O-O 9. Qd2 b5 10. a3 Bb7 11. f3 Nc6 12. Nxc6 Bxc6 13. Rad1 Qc7 14. Bd3 Rac8 15.
Rfe1 Rfd8 16. Qe2 d5 17. Rf1 d4 18. Nxb5 Bxb5 19. Bxb5 axb5 20. Bxd4 Rxd4 21.
Rxd4 Bc5 22. Rd1 Bxd4+ 23. Rxd4 Qb6 24. c4 {White resigns} 0-1

[Event "Team 45 45 League T61"]
[Site "Internet Chess Club"]
[Date "2014.06.24"]
[Round "4"]
[White "stanbeers"]
[Black "muchen"]
[Result "1-0"]
[WhiteElo "1511"]
[BlackElo "1317"]
[Opening "English: Anglo-Grünfeld, Smyslov defense"]
[ECO "A15"]
[Time "13:00:32"]
[TimeControl "2700+45"]

1. c4 Nf6 2. g3 g6 3. Nc3 d5 4. cxd5 Nxd5 5. Bg2 Nxc3 6. bxc3 Bg7 7. Rb1 Nc6 8.
h4 Rb8 9. Bxc6+ Bd7 10. Bxd7+ Qxd7 11. Nf3 Qd5 12. Qa4+ c6 13. Qxa7 O-O 14. a3
Qd7 15. Bb2 Ra8 16. Qe3 Qf5 17. O-O e6 18. d4 Rfd8 19. Rfd1 h5 20. Nd2 Bf6 21.
Nf3 Bg7 22. Qc1 Kh7 23. c4 Bh6 24. Qc3 Qg4 25. d5 cxd5 26. Ng5+ Kg8 27. Qh8#
{Black checkmated} 1-0

[Event "Team 45 45 League T61"]
[Site "Internet Chess Club"]
[Date "2014.06.23"]
[Round "4"]
[White "Timlisa9"]
[Black "unclevinny"]
[Result "0-1"]
[WhiteElo "1341"]
[BlackElo "1446"]
[Opening "Ruy Lopez: closed, 9.h3"]
[ECO "C96"]
[Time "00:00:13"]
[TimeControl "2700+45"]

1. e4 e5 2. Nf3 Nc6 3. Bb5 a6 4. Ba4 Nf6 5. O-O Be7 6. Re1 O-O 7. c3 b5 8. Bb3
d6 9. h3 Na5 10. d4 Nd7 11. Be3 Bb7 12. Nbd2 Nxb3 13. Qxb3 Kh8 14. Qc2 c5 15. d5
Nb6 16. c4 bxc4 17. Nxc4 Nxc4 18. Qxc4 Qb6 19. Qc2 Bc8 20. Bg5 Bxg5 21. Nxg5 Bd7
22. Re3 h6 23. Nf3 f5 24. b3 fxe4 25. Rxe4 Bf5 26. Rae1 Bxe4 27. Rxe4 a5 28. Nh4
Kg8 29. Ng6 Rf7 30. a4 Rb8 31. Re3 Rfb7 32. Kh2 Qb4 33. Rg3 Qa3 34. Rf3 Rf7 35.
Rxf7 Kxf7 36. Nh8+ Kg8 37. Ng6 Re8 38. Qc4 Qb4 39. Qc2 e4 40. Qd1 Qd4 41. Qxd4
cxd4 42. Kg1 Kf7 43. Nf4 Re5 44. Kf1 g5 45. Ne2 Rxd5 46. Ke1 Ke6 47. f4 exf3 48.
gxf3 Ke5 49. Kd2 d3 50. Nc3 Rd4 51. Nb5 Rh4 52. Kxd3 Rxh3 53. Ke3 d5 54. Nd4 g4
55. Nc6+ Kd6 56. Nxa5 Rxf3+ 57. Ke2 Kc5 58. Nb7+ Kb4 59. a5 Rxb3 60. a6 Ra3
{White resigns} 0-1

[Event "Team 45 45 League T61"]
[Site "Internet Chess Club"]
[Date "2014.06.21"]
[Round "4"]
[White "JRussell2"]
[Black "ArthurChenhd"]
[Result "0-1"]
[WhiteElo "1559"]
[BlackElo "1177"]
[Opening "Scotch game"]
[ECO "C45"]
[Time "15:00:29"]
[TimeControl "2700+45"]

1. e4 e5 2. Nf3 Nc6 3. d4 exd4 4. Nxd4 Nxd4 5. Qxd4 Nf6 6. Bg5 Be7 7. Nc3 O-O 8.
O-O-O Ng4 9. Be3 Nxe3 10. Qxe3 Bg5 11. f4 Bf6 12. e5 Be7 13. g3 b6 14. Bg2 Bc5
15. Qd3 c6 16. Bxc6 Rb8 17. Bxd7 Bb7 18. Rhf1 Bg2 19. Rfe1 Bb4 20. Qd2 Bf3 21.
e6 Bxd1 22. Rxd1 fxe6 23. Bxe6+ Kh8 24. Qe3 Qe7 25. Rd7 Qc5 26. Qd3 Qg1+ 27. Qd1
Qxh2 28. Qd4 Qh1+ 29. Nd1 Qh6 30. Qxb4 Qxe6 31. Rxa7 Rfd8 32. Qc3 Qf6 33. Qf3
Qd6 34. Qc3 Qxd1# {White checkmated} 0-1

[Event "Team 45 45 League T61"]
[Site "Internet Chess Club"]
[Date "2014.06.22"]
[Round "4"]
[White "room-matt"]
[Black "AVEMARIA"]
[Result "1-0"]
[WhiteElo "1860"]
[BlackElo "1625"]
[Opening "Richter-Veresov attack"]
[ECO "D01"]
[Time "07:33:44"]
[TimeControl "2700+45"]

1. d4 d5 2. Nc3 Nf6 3. Bg5 Bf5 4. e3 e6 5. Bd3 Bxd3 6. Qxd3 Be7 7. O-O-O O-O 8.
Nf3 Nbd7 9. h4 h6 10. Bf4 c5 11. dxc5 Nxc5 12. Qe2 Qa5 13. Ne5 a6 14. g4 Nce4
15. Nxe4 Nxe4 16. f3 Nd6 17. Kb1 Rac8 18. e4 Nc4 19. Nxc4 dxc4 20. g5 h5 21. Rd7
Bb4 22. Rxb7 c3 23. b3 Rfd8 24. Rd1 Rxd1+ 25. Qxd1 Rd8 26. Qe2 Qc5 27. Qe1 Ba3
28. Rb8 Rxb8 29. Bxb8 e5 30. f4 exf4 31. Bxf4 Qd4 32. Bc7 Qd2 33. Qf1 Bb4 34.
Bf4 Qd4 35. Qxa6 Qxe4 36. Qf1 Ba3 37. Bg3 Qg4 38. Qe1 Qf3 39. Be5 Bb4 40. a4 Qc6
41. Qd1 Qc5 42. Bg3 g6 43. Qd8+ Kh7 44. Qe8 Qf5 45. Be5 Bf8 46. Bxc3 Bg7 47.
Bxg7 Kxg7 48. Kb2 Qf4 49. Qe1 Kf8 50. b4 Qd4+ 51. Kb3 Qd5+ 52. c4 Qf3+ 53. Qc3
Qd1+ 54. Ka3 {Black resigns} 1-0

[Event "Team 45 45 League T61"]
[Site "Internet Chess Club"]
[Date "2014.06.22"]
[Round "4"]
[White "Kingofknights"]
[Black "Bryant-L"]
[Result "1/2-1/2"]
[WhiteElo "1676"]
[BlackElo "1687"]
[Opening "QGD"]
[ECO "D52"]
[Time "16:00:23"]
[TimeControl "2700+45"]

1. d4 d5 2. c4 c6 3. Nf3 Nf6 4. Nc3 e6 5. Bg5 Nbd7 6. e3 h6 7. Bh4 b6 8. cxd5
exd5 9. Be2 Bb7 10. Rc1 Bd6 11. O-O Qc7 12. Bg3 Bxg3 13. hxg3 O-O 14. Qb3 Qd6
15. Rfd1 Rfe8 16. Nd2 Red8 17. Bf3 Re8 18. e4 dxe4 19. Ncxe4 Nxe4 20. Bxe4 Nf6
21. Bf3 Rad8 22. Nc4 Qc7 23. Ne5 c5 24. Bxb7 Qxb7 25. Nf3 cxd4 26. Nxd4 Ng4 27.
Qf3 Qxf3 28. gxf3 Ne5 29. Kg2 Rd7 30. Nf5 Red8 31. Rxd7 Rxd7 {Game drawn by
mutual agreement} 1/2-1/2

[Event "Team 45 45 League T61"]
[Site "Internet Chess Club"]
[Date "2014.06.20"]
[Round "4"]
[White "rayngrant"]
[Black "tightfist"]
[Result "1-0"]
[WhiteElo "1592"]
[BlackElo "1522"]
[Opening "French defense"]
[ECO "C11"]
[Time "22:02:00"]
[TimeControl "2700+45"]

1. e4 e6 2. d4 d5 3. Nc3 Nf6 4. Bg5 h6 5. Bxf6 gxf6 6. exd5 exd5 7. Qe2+ Be7 8.
O-O-O c6 9. Nh3 Bxh3 10. gxh3 Rg8 11. Qh5 Rh8 12. Bd3 Qd6 13. Kb1 Nd7 14. Rde1
Qf4 15. Qf5 Qxd4 16. Re2 Nc5 17. Rhe1 Ne6 18. Rxe6 fxe6 19. Qxe6 Qb4 20. Bf5 Rf8
21. Qd7+ Kf7 22. Rxe7+ Qxe7 23. Be6+ Kg6 24. Qxe7 Rab8 25. Ne2 Kg5 26. Qg7+ Kh5
27. Qg4# {Black checkmated} 1-0

[Event "Team 45 45 League T61"]
[Site "Internet Chess Club"]
[Date "2014.06.20"]
[Round "4"]
[White "whiskeytown"]
[Black "julesraider"]
[Result "1-0"]
[WhiteElo "1546"]
[BlackElo "1564"]
[Opening "Caro-Kann: classical variation"]
[ECO "B18"]
[Time "20:00:24"]
[TimeControl "2700+45"]

1. e4 c6 2. d4 d5 3. Nc3 dxe4 4. Nxe4 Bf5 5. Ng3 Bg6 6. N1e2 h6 7. Nf4 Bh7 8.
Bc4 Nf6 9. O-O Nbd7 10. c3 Bg8 11. Ngh5 Qa5 12. b4 Qc7 13. Qb3 Nxh5 14. Nxh5 Nf6
15. Bf4 Qd7 16. Nxf6+ gxf6 17. Rfe1 b5 18. Be2 Qf5 19. Bc7 Rc8 20. Ba5 e6 21.
Rad1 a6 22. d5 cxd5 23. Rxd5 e5 24. Red1 Be7 25. a4 Bh7 26. Bd3 Qe6 27. Bxh7
Rxh7 28. axb5 axb5 29. Qc2 Rg7 30. Qd2 Qc6 31. Qxh6 Rg8 32. Qh7 Rf8 33. Qd3 Rb8
34. Bd8 Qc4 35. Qd2 Rg8 36. Bxe7 Kxe7 37. Rd7+ Ke6 38. Rd6+ Ke7 39. Rd7+ Ke6 40.
Qd6+ Kf5 41. Qd3+ Qxd3 42. R1xd3 Rg7 43. R7d5 Rb6 44. Rc5 Ra6 45. g3 Ke4 46.
Re3+ Kf5 47. Rxb5 Ra1+ 48. Kg2 Rg4 49. Rc5 Rc1 50. b5 Ra4 51. c4 Raxc4 52. Rxc4
Rxc4 53. Rb3 Rc7 54. b6 Rb7 55. Kf3 Ke6 56. g4 f5 57. g5 Kd6 58. Rb5 Ke6 59. h4
f6 60. g6 Ke7 61. h5 Kf8 62. h6 Kg8 63. Ke3 Kf8 64. Kd3 e4+ 65. Ke3 Kg8 66. Kf4
Kf8 67. Kxf5 Kg8 68. Kxf6 Kh8 69. g7+ Kg8 70. Kg6 Rxg7+ 71. hxg7 e3 72. Kg5 exf2
73. Rf5 f1=Q 74. Rxf1 Kxg7 75. Rf6 Kh7 76. Rg6 Kh8 77. Kf6 Kh7 78. Kf7 Kh8 79.
Rh6# {Black checkmated} 1-0

[Event "Team 45 45 League T61"]
[Site "Internet Chess Club"]
[Date "2014.06.18"]
[Round "4"]
[White "fadoodle"]
[Black "jonesey"]
[Result "0-1"]
[WhiteElo "1603"]
[BlackElo "1961"]
[Opening "Ruy Lopez: Marshall counter-attack, 11...c6"]
[ECO "C89"]
[Time "19:00:25"]
[TimeControl "2700+45"]

1. e4 e5 2. Nf3 Nc6 3. Bb5 a6 4. Ba4 Nf6 5. O-O Be7 6. Re1 b5 7. Bb3 O-O 8. c3
d5 9. exd5 Nxd5 10. Nxe5 Nxe5 11. Rxe5 c6 12. Qf3 Bd6 13. Re1 Qh4 14. g3 Qh3 15.
Re4 g5 16. d4 Bf5 17. Re1 Rae8 18. Rxe8 Rxe8 19. Bd2 Be4 20. Qxe4 Rxe4 21. Na3
Rh4 22. Rc1 Qxh2+ 23. Kf1 Qh1+ 24. Ke2 Qe4+ 25. Be3 Rh2 26. Bxd5 cxd5 27. Rg1 f5
28. Kd2 f4 29. gxf4 Bxf4 30. Bxf4 Rxf2+ 31. Kd1 Qxf4 32. Ke1 Qd2# {White
checkmated} 0-1

[Event "Team 45 45 League T61"]
[Site "Internet Chess Club"]
[Date "2014.06.18"]
[Round "4"]
[White "Longonjo"]
[Black "chessnow"]
[Result "1-0"]
[WhiteElo "1603"]
[BlackElo "1584"]
[Opening "Ruy Lopez: Wormald (Alapin) attack"]
[ECO "C77"]
[Time "17:00:07"]
[TimeControl "2700+45"]

1. e4 e5 2. Nf3 Nc6 3. Bb5 a6 4. Ba4 Nf6 5. Qe2 b5 6. Bb3 Bc5 7. d3 d6 8. c3 Bg4
9. h3 Be6 10. Bg5 h6 11. Bh4 O-O 12. Nbd2 Re8 13. O-O Na5 14. Bxe6 fxe6 15. b4
Bxb4 16. cxb4 Nc6 17. a3 d5 18. Rac1 Nd4 19. Nxd4 exd4 20. e5 g5 21. exf6 Qxf6
22. Bg3 {Black resigns} 1-0